 Dungeon Crawl Stone Soup version 0.26.1-11-gd32895ea62 (webtiles) character file.

Game seed: 8356377208824265703

2336 Exodus22XD the Cleaver (level 9, 0/78 HPs)
             Began as a Hill Orc Fighter on Apr 25, 2021.
             Was a Believer of Beogh.
             Slain by an orc warrior
             ... wielding a +0 short sword
              (2 damage)
             ... on level 7 of the Dungeon.
             The game lasted 00:15:07 (8471 turns).

Exodus22XD the Cleaver (Hill Orc Fighter)           Turns: 8471, Time: 00:15:08

Health: 0/78       AC: 17    Str: 22    XL:     9   Next: 42%
Magic:  22/22      EV:  5    Int:  8    God:    Beogh [**....]
Gold:   307        SH: 10    Dex: 10    Spells: 8/8 levels left

rFire    . . .     SeeInvis .   a - +0 war axe
rCold    + . .     Faith    .   c - +0 kite shield
rNeg     . . .     Spirit   .   g - +0 plate armour
rPois    .         Reflect  .   B - +2 helmet
rElec    .         Harm     .   (no cloak)
rCorr    .         Rampage  .   v - +0 pair of gloves
Will     .....                  (no boots)
Stlth    ..........             (no amulet)
HPRegen  0.23/turn              e - ring of protection from cold
MPRegen  0.18/turn              m - ring of magical power

@: no status effects
A: no striking features
a: Renounce Religion, Smiting


You were on level 7 of the Dungeon.
You worshipped Beogh.
Beogh was pleased with you.
You visited 1 branch of the dungeon, and saw 7 of its levels.

You collected 307 gold pieces.

Inventory:

Hand Weapons
 a - a +0 war axe (weapon)
 d - a +2 whip of freezing
Armour
 c - a +0 kite shield (worn)
 g - a +0 plate armour (worn)
 v - a +0 pair of gloves (worn)
 B - a +2 helmet (worn)
Jewellery
 e - a ring of protection from cold (left hand)
 k - an uncursed ring of flight
 m - a ring of magical power (right hand)
 C - a +6 ring of intelligence
Wands
 w - a wand of iceblast (14)
 A - a wand of enslavement (10)
Scrolls
 f - a scroll of acquirement {unknown}
 i - a scroll of fear
 j - a scroll of teleportation
 q - 5 scrolls of remove curse
 r - a scroll of magic mapping
 u - 2 scrolls of enchant weapon
 x - a scroll of fog {unknown}
 y - a scroll of random uselessness {unknown}
Potions
 h - a potion of attraction
 n - a potion of resistance
 o - a potion of flight
 p - a potion of brilliance
 s - a potion of haste {unknown}
 t - a potion of curing
 z - 2 potions of mutation {unknown}


   Skills:
 + Level 6.5 Fighting
 + Level 9.9 Axes
 + Level 6.6 Armour
 + Level 6.2 Shields
 * Level 6.3 Invocations


You had 8 spell levels left.
You didn't know any spells.
Your spell library was empty.

Dungeon Overview and Level Annotations

Branches:
Dungeon (7/15)             Temple (0/1) D:7

Altars:
Ashenzari
Gozag
Hepliaklqana
Makhleb
Ru
Trog
Vehumet
Wu Jian
Yredelemnul

Shops:
D:5 [   D:6 [


Message History

You hit the orc warrior but do no damage.
You barely miss the gnoll. You block the orc warrior's attack.
You hear some strange, mumbled words.
You are confused.
You feel better. The gnoll barely misses you.
The ogre hits you with a cursed +0 giant club.
The orc warrior hits you with a +0 dire flail!
* * * LOW HITPOINT WARNING * * *
The orc warrior hits you but does no damage.
Something hits you but does no damage.
Your shield and plate armour prevent you from hitting the orc warrior.
You closely miss the gnoll.
You hit the orc warrior but do no damage.
You miss something. You slash the ogre! You block the gnoll's attack.
You block the ogre's attack.
The orc warrior hits you with a +0 dire flail!
* * * LOW HITPOINT WARNING * * *
The orc warrior hits you with a +0 short sword.
You die...
Beogh appreciates the orc warrior's killing of a heretic priest.

###### #....# ####
#....# #... #....# #...
#....# ######.. #....#
#....#.. #....# #....#..
########....#####....'..
#.....o@.............#..
#.....goO.......).)..#..
#...............(####...
#................# #...
########.........# ##..
########### ... #...
##.. ###


You could see 2 orc warriors, an ogre and a gnoll.

Vanquished Creatures
  Pikel (D:4)
  Sigmund (D:4)
  An ice beast (D:5)
  4 ogres
  A phantom (D:5)
  A centaur (D:6)
  3 bullfrogs
  3 scorpions
  A howler monkey (D:2)
  A jelly (D:6)
  4 hounds
  An orc priest (D:7)
  5 orc wizards
  3 bullfrog skeletons
  Natasha (D:4)
  A worker ant (D:6)
  A hound skeleton (D:6)
  9 adders
  6 gnolls
  A shadow imp (D:7)
  A white imp (D:5)
  4 ufetubi (D:6)
  An ooze (D:2)
  An adder zombie (D:5)
  3 adder skeletons
  5 worms
  2 dart slugs
  4 leopard geckos
  19 orcs
  7 giant cockroaches
  5 hobgoblins
  4 jackals (D:7)
  5 quokkas
  2 ball pythons
  7 bats
  7 frilled lizards
  A giant cockroach zombie (D:6)
  4 goblins
  A jackal zombie (D:5)
  5 kobolds
  A quokka zombie (D:5)
  8 rats
  A spectral orc (D:4)
147 creatures vanquished.

Vanquished Creatures (others)
  A howler monkey (D:3)
  A hobgoblin (D:3)
  A bat (D:3)
3 creatures vanquished.

Grand Total: 150 creatures vanquished

Notes
Turn   | Place    | Note
-------+----------+-------------------------------------------
     0 | D:1      | Exodus22XD the Hill Orc Fighter began the quest for the
                  | Orb.
     0 | D:1      | Reached XP level 1. HP: 19/19 MP: 1/1
   259 | D:1      | Reached XP level 2. HP: 27/27 MP: 2/2
   487 | D:1      | Reached skill level 3 in Axes
   859 | D:2      | Reached XP level 3. HP: 33/33 MP: 3/3
   942 | D:2      | Found a radiant altar of Vehumet.
  1296 | D:2      | Reached skill level 4 in Axes
  1296 | D:2      | Reached XP level 4. HP: 34/40 MP: 4/4
  1590 | D:2      | Found a bloodstained altar of Trog.
  1773 | D:3      | Became a worshipper of Beogh the Brigand
  1782 | D:3      | Reached XP level 5. HP: 42/47 MP: 5/5
  1896 | D:3      | Found a sacrificial altar of Ru.
  1944 | D:3      | Reached skill level 5 in Axes
  3334 | D:4      | Found an opulent altar of Gozag.
  3350 | D:4      | Noticed an ogre
  3361 | D:4      | Killed an ogre
  3362 | D:4      | Reached skill level 1 in Invocations
  3362 | D:4      | Reached XP level 6. HP: 24/53 MP: 7/7
  3571 | D:4      | Reached skill level 6 in Axes
  3869 | D:4      | Noticed Pikel
  3894 | D:4      | Killed Pikel
  3895 | D:4      | Reached skill level 5 in Fighting
  3895 | D:4      | Reached skill level 7 in Axes
  3895 | D:4      | Reached skill level 5 in Armour
  3895 | D:4      | Reached XP level 7. HP: 14/61 MP: 9/9
  4173 | D:4      | Reached skill level 5 in Shields
  4237 | D:4      | Found a hazy altar of Hepliaklqana.
  4277 | D:4      | Noticed Sigmund
  4278 | D:4      | Noticed Natasha
  4295 | D:4      | Killed Natasha
  4296 | D:4      | Reached XP level 8. HP: 28/68 MP: 10/10
  4535 | D:4      | Killed Sigmund
  4577 | D:4      | Found a basalt altar of Yredelemnul.
  4840 | D:5      | Entered Level 5 of the Dungeon
  4841 | D:5      | Found Xeybib's Antique Armour Boutique.
  5003 | D:5      | Reached skill level 8 in Axes
  5118 | D:5      | Reached * piety under Beogh
  5780 | D:5      | Found a burning altar of Makhleb.
  5792 | D:5      | Reached skill level 5 in Invocations
  6528 | D:5      | Reached skill level 9 in Axes
  6637 | D:5      | Reached XP level 9. HP: 38/75 MP: 13/13
  7232 | D:6      | Reached ** piety under Beogh
  7335 | D:6      | Found Georgh Couli's Armour Emporium.
  7422 | D:7      | Found a broken altar of Ashenzari.
  8138 | D:7      | Found an ornate altar of the Wu Jian Council.
  8222 | D:7      | Found a staircase to the Ecumenical Temple.
  8471 | D:7      | HP: 2/78 [orc warrior/+0 dire flail (17)]
  8471 | D:7      | Slain by an orc warrior

Illustrated notes

Levels and vault maps discovered:
D:1:      dpeg_arrival_leaves_temple_mockup, layout_basic
D:2:      layout_loops_ring, vehumet_crystals, trog_book
D:3:      layout_basic, nicolae_overflow_crystal_walls, lemuel_flame_loot_1
D:4:      layout_basic, nicolae_gozag_cash_rules_everything_around_me,
          yredelemnul_forgotten_temple_becter, nzn_hepliaklqana_mist_gate,
          hangedman_abyss_or_decor_passed, uniq_natasha, uniq_pikel,
          uniq_sigmund
D:5:      layout_loops_ring, serial_shops, shop_statue, makhleb_heckhound_becter
D:6:      layout_gridville, serial_shops, shop_statue, grunt_decor_arrowhead
D:7:      layout_gridville, cheibrodos_ashenzari_chains,
          nzn_wu_jian_council_hall, temple_pool_b, uniq_prince_ribbit1

Skill      XL: |  1  2  3  4  5  6  7  8  9 |
---------------+----------------------------+-----
Axes           | 3 4 5 7 9 |  9.9
Fighting       | 4 5 6 |  6.5
Shields        | 4 5 6 |  6.2
Armour         | 4 5 6 |  6.6
Invocations    | 1 3 5 6 |  6.3

Action                   |  1- 3 |  4- 6 |  7- 9 || total
-------------------------+-------+-------+-------++-------
Melee: War axe           |   125 |   155 |   303 ||   583
Invok: Convert to Beogh  |       |     1 |       ||     1
  Use: Potion            |       |     1 |     5 ||     6
       Scroll            |       |       |    12 ||    12
Armor: Scale mail        |    59 |    58 |   123 ||   240
       Plate armour      |       |       |    10 ||    10
Dodge: Dodged            |    49 |    46 |   103 ||   198
Block: Kite shield       |    73 |    65 |   217 ||   355
